 Dungeon Crawl Stone Soup version 0.24-a0-57-gac335f2 (webtiles) character file.

Game seed: 8211296803576190827

19316 Ijustatesigmund the Holy Warrior (level 12, -14/108 HPs)
             Began as a Hill Orc Fighter on Feb 4, 2019.
             Was a Priest of the Shining One.
             Demolished by an enormous slime creature (58 damage)
             ... on level 12 of the Dungeon.
             The game lasted 00:30:35 (9251 turns).

Ijustatesigmund the Holy Warrior (Hill Orc Fighter) Turns: 9251, Time: 00:30:35

Health: -14/108    AC: 19    Str: 20    XL:     12   Next: 67%
Magic:  30/32      EV: 10    Int: 10    God:    the Shining One [***...]
Gold:   666        SH: 21    Dex: 10    Spells: 10/11 levels left

rFire    + + .     SeeInvis +   k - +4 hand axe (flame)
rCold    x . .     Gourm    .   c - +0 shield
rNeg     + . .     Faith    .   B - +6 scale mail of Servitude {rF+ Slay+5}
rPois    .         Spirit   .   h - +0 helmet of Infinity {rF+ rC- Dex-4 Slay+5 SInv}
rElec    .         Reflect  .   e - +1 cloak
rCorr    .         Harm     .   (no gloves)
MR       .....                  R - +1 pair of boots
Stlth    ..........             l - amulet of regeneration
HPRegen  0.68/turn              D - ring of flight
MPRegen  0.23/turn              u - ring of magical power

@: divine shield, glowing
A: see invisible, clever 1, sense surroundings 1
a: Divine Shield, Renounce Religion, Evoke Flight


You were on level 12 of the Dungeon.
You worshipped the Shining One.
The Shining One was most pleased with you.
You were not hungry.

You visited 2 branches of the dungeon, and saw 13 of its levels.
You also visited: Sewer and Ossuary.

You collected 891 gold pieces.
You spent 225 gold pieces at shops.

Inventory:

Hand Weapons
 a - a +2 war axe
 k - a +4 hand axe of flaming (weapon)
Armour
 b - a +0 chain mail
 c - a +0 shield (worn)
 e - a +1 cloak (worn)
 h - the +0 helmet of Infinity (worn) {rF+ rC- Dex-4 Slay+5 SInv}
   (You found it on level 6 of the Dungeon)

   It affects your dexterity (-4).
   It affects your accuracy and damage with ranged weapons and melee attacks
   (+5).
   It protects you from fire.
   It makes you vulnerable to cold.
   It lets you see invisible.
 z - a +2 buckler
 B - the +6 scale mail of Servitude (worn) {rF+ Slay+5}
   (You bought it in a shop on level 5 of the Dungeon)

   It affects your accuracy and damage with ranged weapons and melee attacks
   (+5).
   It protects you from fire.
 G - the +2 robe of Satisfaction {rPois Str+7 Dex+9}
   (You found it on level 6 of the Dungeon)

   It affects your strength (+7).
   It affects your dexterity (+9).
   It protects you from poison.
 R - a +1 pair of boots (worn)
Jewellery
 i - an uncursed ring of fire
 l - an amulet of regeneration (around neck)
 u - a ring of magical power (right hand)
 C - an uncursed amulet of guardian spirit
 D - a ring of flight (left hand)
 M - a cursed ring of attention {unknown}
 P - an uncursed ring of magical power
Wands
 y - a wand of enslavement (5)
 N - a wand of flame (18)
 O - a wand of disintegration (9)
Scrolls
 d - 4 scrolls of remove curse
 j - 4 scrolls of teleportation
 v - 2 scrolls of fog
 x - a scroll of identify
 E - a scroll of immolation
 F - 3 scrolls of blinking
 H - 3 scrolls of magic mapping
 J - a scroll of fear
 Q - a scroll of brand weapon
 T - a scroll of enchant armour
Potions
 g - a potion of brilliance
 m - 2 potions of flight
 n - a potion of magic
 o - 4 potions of lignification
 p - 3 potions of curing
 q - 2 potions of heal wounds
 r - 2 potions of might
 s - a potion of cancellation
 t - a potion of resistance
 w - a potion of agility
 I - 2 potions of invisibility
 K - a potion of berserk rage
 L - a potion of mutation
 S - a potion of haste
Comestibles
 f - 21 rations
 A - 3 chunks of flesh


   Skills:
 - Level 10.7 Fighting
 - Level 12.0 Axes
 - Level 5.0 Armour
 - Level 6.3 Dodging
 - Level 5.1 Shields
 + Level 5.2 Translocations
 - Level 15.0 Invocations


You had 10 spell levels left.
You knew the following spells:

 Your Spells              Type           Power        Failure   Level  Hunger
a - Apportation           Tloc           ##....       38%         1    ##.....

Your spell library contained the following spells:

 Spells                   Type           Power        Failure   Level  Hunger
 Animate Skeleton         Necr           N/A          98%         1    ##.....
 Confusing Touch          Hex            #.....       98%         1    ##.....
 Freeze                   Ice            #...         98%         1    ##.....
 Summon Small Mammal      Summ           #...         98%         1    ##.....
 Throw Frost              Conj/Ice       #.....       99%         2    ###....
 Ozocubu's Armour         Chrm/Ice       #.......     100%        3    ####...
 Cause Fear               Hex            #.........   100%        4    #####..
 Summon Ice Beast         Ice/Summ       #.......     100%        4    #####..
 Throw Icicle             Conj/Ice       #.......     100%        4    #####..
 Silence                  Hex/Air        #.........   100%        5    ######.
 Yara's Violent Unravell  Hex/Tmut       #.........   100%        5    ######.
 Deflect Missiles         Chrm/Air       #.........   100%        6    #######
 Discord                  Hex            #.........   100%        8    #######


Dungeon Overview and Level Annotations

Branches:
Dungeon (12/15)            Temple (1/1) D:4            Lair (0/6) D:8
    Orc (0/2) D:12

Altars:
Ashenzari
Cheibriados
Dithmenos
Elyvilon
Fedhas
Gozag
Hepliaklqana
Kikubaaqudgha
Makhleb
Nemelex Xobeh
Okawaru
Qazlal
Ru
Sif Muna
Trog
Uskayaw
Vehumet
Wu Jian
Xom
Yredelemnul
Zin
The Shining One
Beogh

Shops:
D:5 [   D:7 %


Innate Abilities, Weirdness & Mutations

You have supernaturally acute eyesight. (SInv)
Your mind is acute. (Int +2)
You passively map a small area around you.


Message History

Okay, then.
Your shield is strengthened by the Shining One's divine power.
You feel slightly more hungry.
You block the enormous slime creature's attack.
You slash the enormous slime creature! You burn the enormous slime creature.
The enormous slime creature is heavily wounded.
The enormous slime creature misses you.
You hit the enormous slime creature. You burn the enormous slime creature.
The enormous slime creature is heavily wounded.
You slice the enormous slime creature!! You burn the enormous slime creature!
The enormous slime creature is severely wounded.
The enormous slime creature hits you!!
You slash the enormous slime creature! You burn the enormous slime creature.
The enormous slime creature is severely wounded.
You block the enormous slime creature's attack.
You hit the enormous slime creature. You burn the enormous slime creature.
The enormous slime creature is severely wounded.
The enormous slime creature hits you!!!
Ouch! That really hurt!
You die...

* , , *##### , ...# **
.##.####.###############
,
......J@................
.#..####.#######........
* * *#.# #........ * ,
..# #........ ,*
*##########........ ,
,................ * * **
########........ * *
#........ * #.####.##


You could see an enormous slime creature.

Vanquished Creatures
  Erolcha (D:10)
  A hydra (D:8)
  6 two-headed ogres (D:10)
  Erica (D:11)
  Pikel (D:8)
  A manticore (D:11)
  A kobold demonologist (D:11)
  2 trolls
  Grinder (D:3)
  Prince Ribbit (D:9)
  A hornet (D:12)
  2 dream sheep (D:8)
  An air elemental (D:11)
  A shadow (D:11)
  2 wraiths
  Eustachio (D:5)
  A water elemental (D:11)
  6 yaks
  Grum (D:8)
  A fire elemental (D:11)
  A hungry ghost (D:12)
  Menkaure (D:6)
  A water moccasin (D:11)
  Duvessa (D:6)
  9 sky beasts
  6 orc warriors
  4 ice beasts
  2 slaves (D:8)
  22 ogres
  A phantom (D:7)
  4 centaurs
  4 wolves (D:8)
  An elf zombie (Ossuary)
  6 big kobolds
  A wyvern zombie (D:10)
  3 bullfrogs
  An earth elemental (D:11)
  7 scorpions
  Dowan (D:6)
  10 killer bees
  8 wights
  4 electric eels (D:8)
  2 crimson imps (D:10)
  A bullfrog zombie (D:11)
  A human zombie (Ossuary)
  3 quasits
  2 centaur skeletons
  5 jellies
  2 bullfrog skeletons
  9 orc priests
  13 hounds
  16 orc wizards
  3 iguanas
  Terence (D:2)
  9 worker ants
  3 big kobold zombies (Sewer)
  A hound zombie (D:10)
  A howler monkey zombie (D:7)
  4 mummies (Ossuary)
  A worker ant zombie (D:9)
  4 gnolls (D:3)
  A river rat (D:4)
  12 adders
  5 shadow imps (Sewer)
  3 ufetubi (Sewer)
  2 oozes
  2 adder zombies (Ossuary)
  4 worms
  A dart slug (D:3)
  7 leopard geckos
  64 orcs
  9 giant cockroaches
  A gnoll zombie (Ossuary)
  7 goblins
  6 hobgoblins
  23 kobolds
  4 quokkas
  6 ball pythons
  6 bats
  7 frilled lizards
  A hobgoblin zombie (Ossuary)
  A jackal skeleton (D:6)
  A jackal zombie (Ossuary)
  3 kobold zombies
  A leopard gecko skeleton (D:4)
  An orc zombie (Ossuary)
  A quokka skeleton (D:9)
  11 rats
  2 rat zombies (Ossuary)
404 creatures vanquished.

Vanquished Creatures (others)
  An electric eel (D:8)
  An ooze (Sewer)
2 creatures vanquished.

Grand Total: 406 creatures vanquished

Notes
Turn   | Place    | Note
-------+----------+-------------------------------------------
     0 | D:1      | Ijustatesigmund the Hill Orc Fighter began the quest for
                  | the Orb.
     0 | D:1      | Reached XP level 1. HP: 19/19 MP: 1/1
   106 | D:1      | Reached XP level 2. HP: 26/26 MP: 2/2
   456 | D:2      | Noticed Terence
   469 | D:2      | Killed Terence
   469 | D:2      | Reached skill level 5 in Axes
   469 | D:2      | Reached XP level 3. HP: 31/31 MP: 3/3
   578 | D:2      | Reached XP level 4. HP: 40/40 MP: 4/4
   591 | D:2      | Gained mutation: Your mind is acute. (Int +2) [potion of
                  | mutation]
   591 | D:2      | Gained mutation: You passively map a small area around you.
                  | [potion of mutation]
   591 | D:2      | Gained mutation: You have supernaturally acute eyesight.
                  | (SInv) [potion of mutation]
  1242 | D:3      | Reached XP level 5. HP: 43/46 MP: 5/5
  1248 | D:3      | Noticed Grinder
  1266 | D:3      | Paralysed by Grinder for 4 turns
  1270 | D:3      | HP: 1/46 [Grinder/nerve-wracking pain (11)]
  1273 | D:4      | Found a sand-covered staircase.
  1368 | D:4      | Reached XP level 6. HP: 42/53 MP: 6/6
  1392 | Ossuary  | Entered an ossuary
  1422 | Ossuary  | Reached skill level 5 in Fighting
  1511 | Ossuary  | Reached XP level 7. HP: 55/61 MP: 7/7
  1620 | D:4      | Found a staircase to the Ecumenical Temple.
  1780 | D:4      | Reached skill level 5 in Shields
  1786 | D:4      | Found a glowing drain.
  1790 | Sewer    | Entered a sewer
  1978 | Sewer    | Reached skill level 5 in Armour
  2137 | Sewer    | Found a burning altar of Makhleb.
  2269 | Sewer    | Reached skill level 1 in Dodging
  2313 | Sewer    | Reached XP level 8. HP: 61/70 MP: 8/8
  2783 | D:3      | Paralysed by Grinder for 7 turns
  2792 | D:3      | Paralysed by Grinder for 3 turns
  2795 | D:3      | Killed Grinder
  3313 | D:5      | Entered Level 5 of the Dungeon
  3489 | D:5      | Found a hide-covered altar of Uskayaw.
  3505 | D:5      | Noticed Eustachio
  3526 | D:5      | Found Gaump's Antique Armour Emporium.
  3528 | D:5      | Killed Eustachio
  3528 | D:5      | Reached XP level 9. HP: 78/81 MP: 9/9
  3643 | D:5      | Bought a twisted scale mail for 225 gold pieces
  3655 | D:5      | Identified the +6 scale mail of Servitude {rF+ Slay+5} (You
                  | bought it in a shop on level 5 of the Dungeon)
  4043 | D:6      | Noticed Menkaure
  4045 | D:6      | Killed Menkaure
  4084 | D:6      | Got a brightly glowing helmet
  4090 | D:6      | Identified the +0 helmet of Infinity {rF+ rC- Dex-4 Slay+5
                  | SInv} (You found it on level 6 of the Dungeon)
  4109 | D:6      | Got a wizard robe
  4161 | D:6      | Reached skill level 10 in Axes
  4227 | D:6      | Noticed Duvessa
  4227 | D:6      | Noticed Dowan
  4236 | D:6      | Killed Dowan
  4267 | D:6      | Killed Duvessa
  4549 | D:6      | You fall through a shaft for 2 floors!
  4617 | D:8      | Reached skill level 5 in Dodging
  4624 | D:8      | Reached XP level 10. HP: 77/91 MP: 10/10
  4667 | D:8      | Noticed a two-headed hydra
  4671 | D:8      | Killed a one-headed hydra
  4671 | D:8      | Reached skill level 10 in Fighting
  5559 | Temple   | Entered the Ecumenical Temple
  5742 | Temple   | Became a worshipper of the Shining One
  5909 | D:7      | Reached skill level 1 in Invocations
  5978 | D:7      | Found Cudiegamn's Food Shoppe.
  6043 | D:7      | Reached skill level 2 in Invocations
  6050 | D:7      | Reached skill level 3 in Invocations
  6094 | D:7      | Reached skill level 4 in Invocations
  6433 | D:8      | Found a staircase to the Lair.
  6574 | D:8      | Reached skill level 5 in Invocations
  6587 | D:8      | Reached skill level 6 in Invocations
  6785 | D:8      | Noticed Pikel
  6795 | D:8      | Killed Pikel
  6795 | D:8      | Reached skill level 7 in Invocations
  6795 | D:8      | Reached XP level 11. HP: 101/101 MP: 16/16
  6844 | D:8      | Noticed Grum
  6848 | D:8      | Reached skill level 8 in Invocations
  6852 | D:8      | Killed Grum
  6852 | D:8      | Reached * piety under the Shining One
  7089 | D:9      | Noticed Prince Ribbit
  7093 | D:9      | Killed Prince Ribbit
  7118 | D:9      | Reached skill level 9 in Invocations
  7161 | D:9      | Identified the +2 robe of Satisfaction {rPois Str+7 Dex+9}
                  | (You found it on level 6 of the Dungeon)
  7545 | D:10     | Entered Level 10 of the Dungeon
  7660 | D:10     | Reached skill level 10 in Invocations
  7685 | D:10     | Reached ** piety under the Shining One
  7827 | D:10     | Reached skill level 11 in Invocations
  7987 | D:10     | Noticed a two-headed ogre
  7987 | D:10     | Noticed a two-headed ogre
  7990 | D:10     | Noticed a two-headed ogre
  7998 | D:10     | Killed a two-headed ogre
  7998 | D:10     | Reached skill level 12 in Invocations
  7998 | D:10     | Killed a two-headed ogre
  8006 | D:10     | Killed a two-headed ogre
  8006 | D:10     | Reached skill level 13 in Invocations
  8020 | D:10     | Noticed a two-headed ogre
  8021 | D:10     | Noticed a two-headed ogre
  8021 | D:10     | Noticed a two-headed ogre
  8029 | D:10     | Killed a two-headed ogre
  8029 | D:10     | Reached XP level 12. HP: 76/108 MP: 22/22
  8037 | D:10     | Killed a two-headed ogre
  8037 | D:10     | Reached skill level 14 in Invocations
  8045 | D:10     | Killed a two-headed ogre
  8065 | D:10     | Noticed Erolcha
  8073 | D:10     | Killed Erolcha
  8073 | D:10     | Reached skill level 15 in Invocations
  8262 | D:11     | Learned a level 1 spell: Apportation
  8270 | D:11     | Noticed Erica
  8278 | D:11     | Reached skill level 1 in Translocations
  8281 | D:11     | Killed Erica
  8334 | D:11     | Found a large runed translucent door.
  8334 | D:11     | Found a large runed translucent door.
  8560 | D:11     | Reached *** piety under the Shining One
  9046 | D:12     | Reached skill level 5 in Translocations
  9154 | D:12     | Found a staircase to the Orcish Mines.
  9157 | D:12     | Found a roughly hewn altar of Beogh.
  9251 | D:12     | Demolished by an enormous slime creature

Vault maps used:
D:1:      ncdulo_smallfort
D:2:      uniq_terence
D:3:      first_ration, uniq_grinder
D:4:      minmay_temple_entry_statues_fountains, gup_sewer_entry_spiral,
          enter_ossuary_3, feat_on_display
D:5:      lemuel_crystal_altar, serial_shops, shop, uniq_eustachio
D:6:      serial_glass, glass_columns_b, glass_columns_a, uniq_menkaure,
          uniq_duvessa
D:7:      serial_shops, nicolae_shop_waterfront
D:8:      erik_lair_island, hangedman_ranch, kennysheep_dice, uniq_grum,
          uniq_pikel
D:9:      uniq_prince_ribbit1
D:10:     lemuel_ogre_cave, hangedman_decor_clover_reticule
D:11:     lightli_elemental_guards, uniq_erica
D:12:     minmay_orc_entry_temple_small
Temple:   minmay_crystal_snake_temple
Sewer:    kennysheep_sewer_church
Ossuary:  ossuary_minmay_tomb_2a

Skill      XL: |  1  2  3  4  5  6  7  8  9 10 11 12 |
---------------+-------------------------------------+-----
Axes           | 3 5 6 7 9 10 12 | 12.0
Fighting       | 4 5 6 7 9 10 | 10.7
Shields        | 4 5 |  5.1
Armour         | 4 5 |  5.0
Dodging        | 1 3 5 6 |  6.3
Invocations    | 7 13 15 | 15.0
Translocations | 5 |  5.2

Action                   |  1- 3 |  4- 6 |  7- 9 | 10-12 || total
-------------------------+-------+-------+-------+-------++-------
Melee: War axe           |    59 |       |       |       ||    59
       Hand axe          |    12 |   148 |   399 |   442 ||  1001
Invok: Divine Shield     |       |       |       |     3 ||     3
Evoke: Wand              |       |       |     1 |     4 ||     5
  Use: Potion            |     1 |     3 |     2 |     1 ||     7
       Scroll            |       |     8 |    14 |    12 ||    34
  Eat: Chunk             |       |     2 |    10 |     8 ||    20
       Ration            |       |       |     1 |     2 ||     3
Armor: Scale mail        |    36 |     6 |    25 |   120 ||   187
       Chain mail        |       |    71 |   141 |       ||   212
Dodge: Dodged            |    25 |    27 |    92 |    96 ||   240
Block: Shield            |    39 |    77 |   171 |   148 ||   435

Table legend:
 A = Non-vault XP
 B = Vault XP
 C = Vault XP percentage of total XP
 D = Non-vault monster count
 E = Vault monster count
 F = Vault count percentage of total count
                 A         B        C        D         E       F
            +---------+---------+-------+---------+---------+-------
      Total |   12123 |   15472 |  56.1 |     283 |     120 |  29.8
            +---------+---------+-------+---------+---------+-------
        D:1 |      33 |       0 |   0.0 |      18 |       0 |   0.0
        D:2 |      54 |      36 |  40.0 |      24 |       1 |   4.0
        D:3 |     295 |     295 |  50.0 |      28 |       1 |   3.4
        D:4 |     548 |      35 |   6.0 |      26 |       6 |  18.8
        D:5 |     407 |     211 |  34.1 |      13 |       1 |   7.1
        D:6 |    1060 |     378 |  26.3 |      25 |       3 |  10.7
        D:7 |    1315 |       0 |   0.0 |      23 |       0 |   0.0
        D:8 |    1114 |    4018 |  78.3 |      22 |      21 |  48.8
        D:9 |     765 |     283 |  27.0 |      23 |       1 |   4.2
       D:10 |    2480 |    7934 |  76.2 |      36 |      21 |  36.8
       D:11 |    2315 |    1493 |  39.2 |      28 |       5 |  15.2
       D:12 |    1737 |     110 |   6.0 |      17 |      10 |  37.0
      Sewer |       0 |     443 | 100.0 |       0 |      34 | 100.0
    Ossuary |       0 |     236 | 100.0 |       0 |      16 | 100.0
            +---------+---------+-------+---------+---------+-------
